2639 views
Uploaded 2021-07-31 00:36:29
Game version 1.32.10
34:27 long 1on1 ladder game on (4)TwistedMeadows
Saved by aom
2639 views
Uploaded 2021-07-31 00:36:29
Game version 1.32.10
34:27 long 1on1 ladder game on (4)TwistedMeadows

88 units @ 9.5k
/ 0.7k
34 buildings @ 5.9k
/ 2.8k

| Moonstone | 1 | 50 |
| Scroll of Town Portal | 2 | 700 |
| total: | 3 | 750g |
| Wisp | 38 | 2280 | / | 0 |
| Archer | 27 | 3510 | / | 270 |
| Hippogryph | 6 | 960 | / | 120 |
| Huntress | 6 | 1170 | / | 120 |
| Druid of the Talon | 9 | 1305 | / | 180 |
| Faerie Dragon | 2 | 310 | / | 50 |
| total: | 88 | 9535g | / | 740w |
| Ancient Protector | 15 | 2025 | / | 1200 |
| Moon Well | 8 | 1440 | / | 320 |
| Hunter's Hall | 1 | 210 | / | 100 |
| Altar of Elders | 1 | 180 | / | 50 |
| Ancient of War | 2 | 300 | / | 120 |
| Ancient of Wonders | 1 | 90 | / | 30 |
| Tree of Life | 4 | 1360 | / | 740 |
| Ancient of Wind | 2 | 300 | / | 280 |
| Tree of Ages | 1 | 320 | / | 180 |
| Tree of Eternity | 1 | 330 | / | 200 |
| total: | 34 | 5905g | / | 2840w |
| 0:03 | Wisp |
| 0:03 | Wisp |
| 0:03 | Wisp |
| 0:03 | Wisp |
| 0:03 | Wisp |
| 0:03 | Wisp |
| 0:11 | Moon Well |
| 0:17 | Wisp |
| 0:22 | Wisp |
| 0:43 | Moon Well |
| 1:06 | Wisp |
| 1:13 | Hunter's Hall |
| 1:23 | Wisp |
| 1:23 | Wisp |
| 1:24 | Wisp |
| 1:44 | Altar of Elders |
| 2:00 | Ancient of War |
| 2:16 | Ultravision |
| 2:31 | Moon Well |
| 2:47 | Moon Armor |
| 2:52 | Strength of the Moon |
| 3:18 | Archer |
| 3:18 | Archer |
| 3:27 | Archer |
| 3:46 | Moon Well |
| 3:59 | Archer |
| 4:10 | Ancient of Wonders |
| 4:20 | Archer |
| 4:29 | Trueshot Aura |
| 4:52 | Tree of Ages |
| 5:11 | Archer |
| 5:18 | Archer |
| 5:48 | Archer |
| 6:31 | Ancient of War |
| 6:40 | Moon Well |
| 7:03 | Searing Arrows |
| 7:15 | Improved Bows |
| 7:17 | Improved Strength of the Moon |
| 7:17 | Improved Moon Armor |
| 7:20 | Wisp |
| 7:20 | Wisp |
| 7:20 | Wisp |
| 7:20 | Wisp |
| 7:20 | Wisp |
| 7:29 | Ancient of Wind |
| 7:41 | Ancient of Wind |
| 8:29 | Trueshot Aura |
| 8:46 | Tree of Life |
| 8:48 | Tree of Eternity |
| 9:12 | Hippogryph |
| 9:52 | Searing Arrows |
| 10:03 | Hippogryph |
| 10:19 | Hippogryph |
| 10:43 | Hippogryph |
| 10:52 | Archer |
| 10:58 | Wisp |
| 11:12 | Marksmanship |
| 12:12 | Tree of Life |
| 12:54 | Trueshot Aura |
| 13:31 | Starfall |
| 13:57 | Hippogryph |
| 13:58 | Hippogryph |
| 14:00 | Archer |
| 14:01 | Archer |
| 14:03 | Well Spring |
| 14:14 | Wisp |
| 14:14 | Wisp |
| 14:15 | Wisp |
| 14:22 | Wisp |
| 14:30 | Wisp |
| 14:49 | Archer |
| 15:28 | Moon Well |
| 15:35 | Moon Well |
| 15:45 | Advanced Strength of the Moon |
| 17:16 | Moon Glaive |
| 17:23 | Moon Well |
| 17:26 | Huntress |
| 17:26 | Huntress |
| 17:27 | Huntress |
| 17:31 | Druid of the Talon Adept Training |
| 17:51 | Huntress |
| 17:56 | Advanced Moon Armor |
| 18:21 | Tree of Life |
| 18:32 | Druid of the Talon Master Training |
| 18:40 | Nature's Blessing |
| 18:50 | Scroll of Town Portal |
| 19:34 | Huntress |
| 19:34 | Huntress |
| 19:47 | Mark of the Talon |
| 20:15 | Druid of the Talon |
| 20:23 | Druid of the Talon |
| 20:53 | Druid of the Talon |
| 20:56 | Druid of the Talon |
| 21:21 | Druid of the Talon |
| 21:34 | Druid of the Talon |
| 22:46 | Druid of the Talon |
| 22:46 | Druid of the Talon |
| 22:46 | Druid of the Talon |
| 23:09 | Searing Arrows |
| 23:45 | Faerie Dragon |
| 23:46 | Faerie Dragon |
| 24:28 | Archer |
| 24:28 | Archer |
| 24:28 | Archer |
| 24:29 | Archer |
| 25:27 | Scout |
| 25:41 | Archer |
| 25:41 | Archer |
| 25:42 | Archer |
| 25:42 | Archer |
| 26:10 | Scroll of Town Portal |
| 26:11 | Moonstone |
| 26:41 | Archer |
| 26:41 | Archer |
| 27:09 | Archer |
| 27:09 | Archer |
| 27:19 | Ancient Protector |
| 29:01 | Archer |
| 29:01 | Archer |
| 29:01 | Archer |
| 30:07 | Tree of Life |
| 30:24 | Wisp |
| 30:24 | Wisp |
| 30:24 | Wisp |
| 30:24 | Wisp |
| 30:25 | Wisp |
| 30:32 | Ancient Protector |
| 31:30 | Ancient Protector |
| 32:39 | Wisp |
| 32:39 | Wisp |
| 32:39 | Wisp |
| 32:40 | Wisp |
| 32:40 | Wisp |
| 32:40 | Wisp |
| 32:40 | Wisp |
| 32:44 | Ancient Protector |
| 32:45 | Ancient Protector |
| 32:47 | Ancient Protector |
| 32:56 | Ancient Protector |
| 32:58 | Ancient Protector |
| 33:00 | Ancient Protector |
| 33:14 | Wisp |
| 33:14 | Wisp |
| 33:24 | Ancient Protector |
| 33:28 | Ancient Protector |
| 33:30 | Ancient Protector |
| 33:33 | Wisp |
| 33:50 | Ancient Protector |
| 33:53 | Ancient Protector |
| 34:07 | Ancient Protector |
| Select | 414 |
| Right click | 381 |
| Assign group | 160 |
| Build/train/purchase | 131 |
| Misc. action | 76 |
| Select group | 35 |
| Use ability | 4 |
| Item give/drop | 1 |
| Remove unit | 1 |
71 units @ 9.4k
/ 1k
31 buildings @ 4.8k
/ 1.9k



| Rod of Necromancy | 4 | 600 |
| Ritual Dagger | 1 | 125 |
| Orb of Corruption | 2 | 750 |
| Potion of Healing | 5 | 750 |
| Potion of Mana | 2 | 400 |
| Scroll of Healing | 4 | 1000 |
| Scroll of Town Portal | 2 | 700 |
| Potion of Lesser Invulnerability | 2 | 300 |
| Scroll of Protection | 4 | 600 |
| total: | 26 | 5225g |
| Acolyte | 30 | 2250 | / | 0 |
| Ghoul | 11 | 1320 | / | 0 |
| Crypt Fiend | 6 | 1290 | / | 240 |
| Banshee | 2 | 310 | / | 60 |
| Abomination | 1 | 240 | / | 70 |
| Obsidian Statue | 5 | 1000 | / | 175 |
| Gargoyle | 8 | 1400 | / | 240 |
| Goblin Shredder | 1 | 375 | / | 100 |
| Forest Troll Shadow Priest | 5 | 975 | / | 50 |
| Mud Golem | 2 | 290 | / | 20 |
| total: | 71 | 9450g | / | 955w |
| Nerubian Tower | 4 | 400 | / | 80 |
| Spirit Tower | 8 | 1160 | / | 320 |
| Altar of Darkness | 1 | 180 | / | 50 |
| Ziggurat | 12 | 1800 | / | 600 |
| Crypt | 5 | 1000 | / | 250 |
| Tomb of Relics | 5 | 650 | / | 150 |
| Graveyard | 1 | 215 | / | 0 |
| Necropolis | 1 | 225 | / | 0 |
| Slaughterhouse | 3 | 420 | / | 405 |
| Temple of the Damned | 1 | 155 | / | 140 |
| Sacrificial Pit | 2 | 150 | / | 300 |
| Halls of the Dead | 1 | 320 | / | 210 |
| Black Citadel | 1 | 325 | / | 230 |
| total: | 31 | 4795g | / | 1895w |
| 0:04 | Acolyte |
| 0:05 | Altar of Darkness |
| 0:07 | Ziggurat |
| 0:10 | Acolyte |
| 0:39 | Crypt |
| 0:50 | Acolyte |
| 1:02 | Tomb of Relics |
| 1:32 | Graveyard |
| 1:41 | Ghoul |
| 1:47 | Ghoul |
| 2:05 | Rod of Necromancy |
| 2:09 | Death Coil |
| 2:50 | Halls of the Dead |
| 3:18 | Ghoul |
| 3:19 | Ghoul |
| 3:19 | Ghoul |
| 3:36 | Unholy Aura |
| 3:46 | Ghoul |
| 3:48 | Cannibalize |
| 3:51 | Ziggurat |
| 4:26 | Unholy Armor |
| 5:09 | Death Coil |
| 5:28 | Rod of Necromancy |
| 5:39 | Black Citadel |
| 5:46 | Crypt Fiend |
| 5:53 | Ziggurat |
| 6:05 | Ritual Dagger |
| 6:20 | Frost Nova |
| 6:38 | Web |
| 6:58 | Goblin Shredder |
| 7:21 | Crypt Fiend |
| 8:04 | Dark Ritual |
| 8:17 | Forest Troll Shadow Priest |
| 8:34 | Ziggurat |
| 9:12 | Ziggurat |
| 9:13 | Ziggurat |
| 9:15 | Slaughterhouse |
| 9:16 | Temple of the Damned |
| 9:21 | Ghoul Frenzy |
| 9:37 | Unholy Aura |
| 9:55 | Acolyte |
| 10:08 | Frost Armor |
| 10:41 | Necropolis |
| 10:56 | Banshee Adept Training |
| 10:56 | Banshee |
| 10:59 | Disease Cloud |
| 11:00 | Abomination |
| 11:45 | Forest Troll Shadow Priest |
| 11:48 | Mud Golem |
| 12:06 | Burrow |
| 12:06 | Crypt Fiend |
| 12:13 | Nerubian Tower |
| 12:13 | Spirit Tower |
| 12:24 | Orb of Corruption |
| 13:12 | Rod of Necromancy |
| 13:12 | Potion of Healing |
| 13:37 | Potion of Mana |
| 13:44 | Ghoul |
| 13:45 | Ghoul |
| 13:47 | Crypt Fiend |
| 13:51 | Potion of Healing |
| 14:10 | Ziggurat |
| 14:12 | Acolyte |
| 14:26 | Obsidian Statue |
| 14:38 | Acolyte |
| 14:38 | Acolyte |
| 14:42 | Acolyte |
| 14:56 | Crypt Fiend |
| 15:03 | Banshee |
| 15:17 | Crypt Fiend |
| 15:22 | Nerubian Tower |
| 16:04 | Spirit Tower |
| 16:05 | Spirit Tower |
| 16:06 | Spirit Tower |
| 16:07 | Spirit Tower |
| 16:11 | Crypt |
| 16:12 | Crypt |
| 16:13 | Crypt |
| 16:14 | Crypt |
| 16:30 | Acolyte |
| 16:30 | Acolyte |
| 16:31 | Acolyte |
| 16:51 | Potion of Mana |
| 16:57 | Frost Nova |
| 17:28 | Tomb of Relics |
| 17:42 | Death Coil |
| 17:58 | Ziggurat |
| 18:15 | Gargoyle |
| 18:20 | Creature Carapace |
| 18:20 | Creature Attack |
| 18:42 | Acolyte |
| 18:56 | Acolyte |
| 18:56 | Acolyte |
| 19:07 | Gargoyle |
| 19:23 | Improved Creature Carapace |
| 19:29 | Gargoyle |
| 19:47 | Potion of Lesser Invulnerability |
| 19:49 | Scroll of Healing |
| 19:49 | Scroll of Protection |
| 20:22 | Howl of Terror |
| 20:56 | Gargoyle |
| 20:59 | Spirit Tower |
| 21:03 | Ziggurat |
| 21:04 | Tomb of Relics |
| 21:09 | Ziggurat |
| 21:17 | Rod of Necromancy |
| 21:33 | Potion of Healing |
| 21:34 | Potion of Healing |
| 21:34 | Potion of Healing |
| 21:47 | Forest Troll Shadow Priest |
| 21:50 | Mud Golem |
| 22:06 | Gargoyle |
| 22:40 | Scroll of Healing |
| 22:40 | Scroll of Healing |
| 22:48 | Scroll of Protection |
| 23:27 | Nerubian Tower |
| 23:27 | Spirit Tower |
| 23:33 | Slaughterhouse |
| 23:34 | Slaughterhouse |
| 23:38 | Improved Creature Attack |
| 23:43 | Stone Form |
| 23:52 | Tomb of Relics |
| 24:19 | Orb of Corruption |
| 24:20 | Scroll of Healing |
| 24:28 | Scroll of Protection |
| 24:54 | Obsidian Statue |
| 24:55 | Destroyer Form |
| 25:10 | Cleaving Attack |
| 25:15 | Frost Nova |
| 25:39 | Obsidian Statue |
| 25:47 | Gargoyle |
| 25:48 | Ghoul |
| 25:53 | Advanced Creature Attack |
| 26:21 | Potion of Lesser Invulnerability |
| 26:23 | Scroll of Town Portal |
| 26:29 | Scroll of Town Portal |
| 26:36 | Scroll of Protection |
| 27:43 | Gargoyle |
| 27:46 | Advanced Creature Carapace |
| 27:53 | Ghoul |
| 28:03 | Acolyte |
| 28:03 | Acolyte |
| 28:03 | Acolyte |
| 28:04 | Acolyte |
| 28:18 | Ghoul |
| 29:01 | Tomb of Relics |
| 29:02 | Ziggurat |
| 29:03 | Ziggurat |
| 29:05 | Sacrificial Pit |
| 29:06 | Sacrificial Pit |
| 29:10 | Acolyte |
| 29:10 | Acolyte |
| 29:17 | Acolyte |
| 29:43 | Howl of Terror |
| 29:57 | Unholy Aura |
| 30:14 | Obsidian Statue |
| 30:14 | Obsidian Statue |
| 30:23 | Nerubian Tower |
| 30:32 | Spirit Tower |
| 31:03 | Gargoyle |
| 31:28 | Acolyte |
| 31:29 | Acolyte |
| 31:29 | Acolyte |
| 31:29 | Acolyte |
| 31:30 | Acolyte |
| 31:41 | Forest Troll Shadow Priest |
| 32:59 | Cleaving Attack |
| 33:21 | Death and Decay |
| 33:35 | Acolyte |
| 33:35 | Acolyte |
| 33:36 | Acolyte |
| 33:36 | Acolyte |
| 34:05 | Forest Troll Shadow Priest |
| Select group | 2264 |
| Right click | 1045 |
| Select | 823 |
| Misc. action | 292 |
| Build/train/purchase | 223 |
| Use ability | 75 |
| Assign group | 68 |
| Item give/drop | 16 |
| Remove unit | 3 |